 Dungeon Crawl Stone Soup version 0.21.1-1-g345015f (webtiles) character file.

945 Fortress the Shield-Bearer (level 7, -6/68 HPs)
             Began as a Troll Fighter on July 2, 2018.
             Was an Initiate of Makhleb.
             Splashed by a jelly's acid (11 damage)
             ... on level 6 of the Dungeon.
             The game lasted 00:27:34 (4582 turns).

Fortress the Shield-Bearer (Troll Fighter)          Turns: 4582, Time: 00:27:35

Health: -6/68      AC: -3    Str: 26    XL:     7   Next: 89%
Magic:  6/6        EV:  9    Int:  4    God:    Makhleb [......]
Gold:   319        SH: 10    Dex: 10    Spells: 6/6 levels left

rFire    . . .     SeeInvis .   a - +1 war axe
rCold    . . .     Gourm    +   c - +1 shield
rNeg     . . .     Faith    .   b - +0 robe
rPois    .         Spirit   .   (helmet restricted)
rElec    .         Reflect  .   (no cloak)
rCorr    .         Harm     .   (gloves unavailable)
MR       .....                  (boots unavailable)
Stlth    ++........             (no amulet)
HPRegen  0.61/turn              r - ring of stealth
MPRegen  0.10/turn              (no ring)

@: corroded
A: large, unfitting armour, claws 3, fast metabolism 3, gourmand, regeneration
1, shaggy fur 1, tough skin 2
a: Renounce Religion


You were on level 6 of the Dungeon.
You worshipped Makhleb.
Makhleb was noncommittal.
You were completely stuffed.

You visited 2 branches of the dungeon, and saw 7 of its levels.

You collected 319 gold pieces.

Inventory:

Hand Weapons
 a - a +1 war axe (weapon)
 k - a +5 dire flail of crushing
Missiles
 h - 129 stones
 q - 6 needles of sleeping
 w - 5 poisoned javelins (quivered)
Armour
 b - a +0 robe (worn)
 c - a +1 shield (worn)
Jewellery
 r - a ring of stealth (left claw)
Scrolls
 e - a scroll of silence {unknown}
 g - a scroll of fog {unknown}
 i - 3 scrolls of enchant armour
 l - 2 scrolls of identify
 n - 3 scrolls of enchant weapon
 s - 3 scrolls of remove curse
 t - a scroll of teleportation {unknown}
 y - 2 scrolls of blinking {unknown}
Potions
 d - 3 potions of might
 j - a potion of invisibility
 m - 3 potions of brilliance {unknown}
 o - a potion of lignification {unknown}
 p - a potion of flight {unknown}
 u - a potion of agility {unknown}
 v - 3 potions of ambrosia
 x - 2 potions of resistance {unknown}
 z - 2 potions of haste {unknown}
 A - a potion of magic {unknown}
Comestibles
 f - 9 rations
 B - 2 chunks of flesh


   Skills:
 + Level 3.9 Fighting
 * Level 3.7(4.1) Axes
 - Level 2.7(3.8) Maces & Flails
 + Level 4.3 Dodging
 + Level 4.4 Shields


You had 6 spell levels left.
You didn't know any spells.

Dungeon Overview and Level Annotations

Branches:
Dungeon (6/15)             Temple (1/1) D:5

Altars:
Ashenzari
Cheibriados
Dithmenos
Fedhas
Hepliaklqana
Kikubaaqudgha
Makhleb
Nemelex Xobeh
Okawaru
Qazlal
Ru
Sif Muna
Trog
Vehumet
Wu Jian
Xom
Yredelemnul
Zin

Shops:
D:4 (

Annotations:
D:2 Sigmund


Innate Abilities, Weirdness & Mutations

You are too large for most types of armour.
You have claws for hands.
Your metabolism is lightning-fast.
You like to eat raw meat.
Your natural rate of healing is unusually fast.
You are covered in fur. (AC +1)
You have very tough skin. (AC +2)


Message History

A howler monkey skeleton comes into view.
The jelly jiggles.
You slash the jelly!
Your claws burn!
The jelly is heavily wounded.
The jelly hits you.
You are splashed with acid!
The acid burns!
You are too injured to fight recklessly!
You slash the jelly!
Your claws burn!
The jelly is almost dead.
You block the jelly's attack.
You hit the jelly. The acid corrodes you!
Your claws burn!
* * * LOW HITPOINT WARNING * * *
The jelly is almost dead.
The jelly hits you.
* * * LOW HITPOINT WARNING * * *
You are splashed with acid!
The acid burns!
* * * LOW HITPOINT WARNING * * *
The jelly hits you.
* * * LOW HITPOINT WARNING * * *
The acid corrodes you!
You are splashed with acid!
The acid burns!
You die...

#...#.# #.# #####.##.# #J#
####........# #.#
#........##########.#
#.##.##### #.....Z..# #.##.#
#.######## #.##.# #Z# #..
#.##.# #J# ### #.# #.##.#
##@###### #.. ... #.##.#
#.......# #.# #.# #.##.##
#.#####.# #.# #.#
#.#...#####.# #.####.###.##
#.#.........# #............
#.........#.# #............
#########.#.#####.....###.###
#.#.......##..# #.#
#.###.######..# #.#


You could see a jelly and a howler monkey skeleton.

Vanquished Creatures
  Edmund (D:5)
  An ogre (D:6)
  3 centaurs
  A scorpion (D:5)
  A howler monkey (D:3)
  A hound (D:6)
  An orc priest (D:3)
  An iguana (D:4)
  4 worker ants
  A howler monkey skeleton (D:4)
  6 adders
  3 gnolls (D:3)
  A shadow imp (D:5)
  2 oozes (D:3)
  2 worms
  3 dart slugs
  2 leopard geckos
  14 orcs
  12 giant cockroaches
  7 goblins
  8 hobgoblins
  7 jackals
  2 quokkas
  5 bats
  3 frilled lizards
  7 kobolds
  A leopard gecko skeleton (D:5)
  A quokka skeleton (D:6)
  4 rats
105 creatures vanquished.

Vanquished Creatures (others)
  An orc wizard (D:3)
1 creature vanquished.

Grand Total: 106 creatures vanquished

Notes
Turn   | Place    | Note
-------+----------+-------------------------------------------
     0 | D:1      | Fortress the Troll Fighter began the quest for the Orb.
     0 | D:1      | Reached XP level 1. HP: 22/22 MP: 0/0
   158 | D:1      | Reached XP level 2. HP: 20/29 MP: 1/1
   527 | D:1      | Reached XP level 3. HP: 32/36 MP: 2/2
   960 | D:2      | Reached XP level 4. HP: 41/44 MP: 3/3
  1428 | D:2      | Noticed Sigmund
  1737 | D:3      | Reached XP level 5. HP: 52/52 MP: 4/4
  1752 | D:3      | Found a blossoming altar of Fedhas.
  2088 | D:3      | Reached skill level 1 in Maces & Flails
  2318 | D:3      | Reached XP level 6. HP: 44/61 MP: 5/5
  2582 | D:5      | Entered Level 5 of the Dungeon
  2816 | D:4      | Found Nurhazug's Antique Weapon Emporium.
  3447 | D:5      | Reached XP level 7. HP: 53/67 MP: 6/6
  3596 | D:5      | HP: 3/67 [poisoned by a scorpion]
  3767 | D:5      | Noticed Edmund
  3787 | D:5      | Killed Edmund
  4040 | D:5      | Found a staircase to the Ecumenical Temple.
  4133 | Temple   | Entered the Ecumenical Temple
  4210 | Temple   | Became a worshipper of Makhleb the Destroyer
  4582 | D:6      | Splashed by a jelly's acid

Skill      XL: |  1  2  3  4  5  6  7 |
---------------+----------------------+-----
Axes           | 2 3 |  3.7
Shields        | 3 4 |  4.4
Dodging        | 3 4 |  4.3
Fighting       | 3 |  3.9
Maces & Flails | 1 2 |  2.7

Action                   |  1- 3 |  4- 6 |  7- 9 || total
-------------------------+-------+-------+-------++-------
Melee: War axe           |   108 |    58 |    53 ||   219
       Mace              |       |   296 |    37 ||   333
Throw: Javelin           |       |       |     2 ||     2
  Use: Scroll            |       |     9 |     3 ||    12
       Potion            |       |     2 |     4 ||     6
 Stab: Distracted        |       |     1 |       ||     1
       Sleeping          |       |     1 |       ||     1
  Eat: Chunk             |    15 |    22 |    13 ||    50
Armor: Robe              |    43 |    86 |    16 ||   145
Dodge: Dodged            |    43 |   147 |    26 ||   216
Block: Shield            |    52 |   200 |    42 ||   294
